 Dungeon Crawl Stone Soup version 0.19.4-12-gccf7e64 (webtiles) character file.

85 galech the Skirmisher (level 4, 0/40 HPs)
             Began as a Hill Orc Fighter on Feb 27, 2017.
             Slain by a leopard gecko (3 damage)
             ... on level 2 of the Dungeon.
             The game lasted 00:03:45 (1596 turns).

galech the Skirmisher (Hill Orc Fighter)            Turns: 1596, Time: 00:03:46

Health: 0/40       AC:  6    Str: 15 (18) XL:     4   Next: 48%
Magic:  4/4        EV:  7    Int:  6 (8)  God:
Gold:   111        SH:  8    Dex:  8 (11) Spells: 0 memorised, 3 levels left

rFire  . . .     SeeInvis .     a - +0 long sword
rCold  . . .     Gourm    .     b - +0 scale mail
rNeg   . . .     Faith    .     c - +0 shield
rPois  .         Spirit   .     (no helmet)
rElec  .         Reflect  .     (no cloak)
rCorr  .         Harm     .     (no gloves)
MR     .....                    (no boots)
Stlth  ..........               (no amulet)
                                (no ring)
                                (no ring)

@: flying
A: no striking features
a: no special abilities


You were on level 2 of the Dungeon.
You were hungry.

You visited 1 branch of the dungeon, and saw 3 of its levels.

You collected 111 gold pieces.

Inventory:

Hand Weapons
 a - a +0 long sword (weapon)
Armour
 b - a +0 scale mail (worn)
 c - a +0 shield (worn)
Scrolls
 h - a scroll of remove curse {unknown}
 i - a scroll of amnesia {unknown}
 k - a scroll of blinking {unknown}
 l - a scroll of identify {unknown}
 m - a scroll of fear {unknown}
Potions
 d - 3 potions of might
Comestibles
 f - 2 bread rations
 n - 3 chunks of flesh


   Skills:
 + Level 4.1 Fighting
 + Level 3.4 Long Blades
 + Level 3.5 Armour
 + Level 0.8 Dodging
 + Level 4.0 Shields


You had 3 spell levels left.
You didn't know any spells.

Dungeon Overview and Level Annotations

Branches:
Dungeon (3/15)

Altars:
Dithmenos


Message History

The leopard gecko bites you but does no damage.
The goblin hits you but does no damage.
You slash the goblin!
You kill the goblin!
You block the leopard gecko's attack. The adder bites you but does no damage.
You block the leopard gecko's attack.
You barely miss the adder.
You feel less woody.
Your +0 scale mail unmelds from your body.
You block the adder's attack. The leopard gecko barely misses you.
You riposte.
Your shield and scale mail prevent you from hitting the leopard gecko.
The adder bites you.
* * * LOW HITPOINT WARNING * * *
It was a potion of flight.
You feel very buoyant.
You fly up into the air.
The leopard gecko bites you but does no damage.
You block the adder's attack. The adder bites you but does no damage.
The leopard gecko bites you.
You die...

#.#.# ##..<.....#.#.........
#.#.#########..#.###.......#####.
#.#.##...........# #.......#.....
..#.##.#######...###.......#.###.
###.##.# #................#.# #.
.....#.# #.###..###.......#.# #.
######.# #.#....###.......#.# #.
#.# #.#...>........S.#.# #. #.#
#.#...@..........#.# #. ######.#
#.#..lS....#####g#.# #. .....#.#
#.#....##### #r#.#### ####.#.#
#...)### #.#.<#.. ...#.#.# ####.#
#.####.# ##.#.#.#
####.###########....... #.#.#.#
#........rgS..........# #.#.#.#
####################### #.#.#.#
#####.......


You could see an adder and a leopard gecko.

Vanquished Creatures
  4 adders (D:2)
  2 oozes (D:2)
  A worm (D:2)
  A leopard gecko (D:2)
  2 bats
  3 giant cockroaches
  9 goblins
  3 hobgoblins
  2 jackals (D:1)
  A quokka (D:2)
  4 frilled lizards
  5 rats
37 creatures vanquished.

Notes
Turn   | Place    | Note
-------+----------+-------------------------------------------
     0 | D:1      | galech the Hill Orc Fighter began the quest for the Orb.
     0 | D:1      | Reached XP level 1. HP: 19/19 MP: 1/1
   107 | D:1      | Reached XP level 2. HP: 21/27 MP: 2/2
   429 | D:2      | Reached XP level 3. HP: 29/33 MP: 3/3
   823 | D:2      | Reached XP level 4. HP: 30/40 MP: 4/4
  1216 | D:2      | Found a shadowy altar of Dithmenos.
  1596 | D:2      | Slain by a leopard gecko

Skill      XL: |  1  2  3  4 |
---------------+-------------+-----
Fighting       | 4 |  4.1
Long Blades    | 3 |  3.4
Shields        | 4 |  4.0
Armour         | |  3.5
Dodging        | |  0.8

Action                   |  1- 3 |  4- 6 || total
-------------------------+-------+-------++-------
Melee: Long sword        |    98 |    54 ||   152
  Use: Potion            |       |     3 ||     3
  Eat: Chunk             |       |     2 ||     2
Armor: Scale mail        |    51 |    31 ||    82
       Skin              |       |    35 ||    35
Dodge: Dodged            |    39 |    24 ||    63
Block: Shield            |    66 |    55 ||   121
       Rpst.: Long sword |    17 |     7 ||    24
